MID
BOWLING GREEN HOT RODS @ LAKE COUNTY CAPTAINS
04/12/2099
 
TOP OF THE 1ST
Bowling Green Hot Rods batting - Pitching for Lake County Captains : RHP Andy Washburn
Pitching: RHP Andy Washburn
Batting: SHB Steve Roser 0-0: Called Strike
0-1: Foul Ball, location: 7LSF
0-2: Ball
1-2: Strikes out swinging
Batting: RHB Danny Arango 0-0: Ball
1-0: Called Strike
1-1: SINGLE (Line Drive, 4D, EV 103.1 MPH)
Batting: RHB Josh Melchior 0-0: SINGLE (Groundball, 23, EV 68.8 MPH) (infield hit)
Danny Arango to second
Batting: RHB Alfredo Zapata 0-0: Foul Ball, location: 9LSF
0-1: Fly out, F9 (Line Drive, 9, EV 91.9 MPH)
Batting: RHB Tris Reich 0-0: Foul Ball, location: 5SF
0-1: Fly out, F8 (Flyball, 78M, EV 82.5 MPH)
Top of the 1st over - 0 runs, 2 hits, 0 errors, 2 left on base; Bowling Green 0 - Lake County 0
BOTTOM OF THE 1ST
Lake County Captains batting - Pitching for Bowling Green Hot Rods : RHP Jason Howard
Pitching: RHP Jason Howard
Batting: LHB Matt Beard 0-0: Called Strike
0-1: DOUBLE (Line Drive, 8RXD, EV 106.9 MPH)
Batting: SHB Collin Hays 0-0: Ground out 4-3 (Groundball, 4, EV 103.8 MPH)
Matt Beard to third
Batting: LHB Max Schmidt 0-0: Called Strike
0-1: Foul Ball, location: 7LMF
0-2: Foul Ball, location: 2F
0-2: Strikes out swinging
Batting: RHB Justin Stevenson 0-0: Ball
1-0: Ball
2-0: Called Strike
2-1: Ball
3-1: Fly out, F8 (Flyball, 8LD, EV 110.6 MPH)
Bottom of the 1st over - 0 runs, 1 hit, 0 errors, 1 left on base; Bowling Green 0 - Lake County 0
TOP OF THE 2ND
Bowling Green Hot Rods batting - Pitching for Lake County Captains : RHP Andy Washburn
Batting: RHB Gabriel Kenny 0-0: Called Strike
0-1: Ball
1-1: Swinging Strike
1-2: Fly out, F9 (Flyball, 89M, EV 94.4 MPH)
Batting: RHB Ryan Hildebrand 0-0: Ball
1-0: Fly out, F9 (Flyball, 89S, EV 98.1 MPH)
Batting: RHB Juan Parga 0-0: Ball
1-0: Called Strike
1-1: Ball
2-1: Foul Ball, location: 2F
2-2: Strikes out swinging
Top of the 2nd over - 0 runs, 0 hits, 0 errors, 0 left on base; Bowling Green 0 - Lake County 0
BOTTOM OF THE 2ND
Lake County Captains batting - Pitching for Bowling Green Hot Rods : RHP Jason Howard
Batting: RHB Carlos Adame 0-0: Ball
1-0: Ball
2-0: Called Strike
2-1: Foul Ball, location: 5F
2-2: Reached on error, E4 (Popup, 4MD, EV 50.0 MPH)
Batting: RHB Alex Avitia 0-0: Ball
1-0: Ball
Wild Pitch!
Carlos Adame to second
2-0: Called Strike
2-1: Ball
3-1: DOUBLE (Flyball, 89XD, EV 102.5 MPH)
Carlos Adame scores
Batting: RHB Jesus Sanchez 0-0: Ball
1-0: Foul Ball, location: 2F
1-1: Foul Ball, location: 2F
1-2: Ball
2-2: Ball
3-2: Ground out 2-3 (Groundball, 15S, EV 75.0 MPH)
Alex Avitia to third
Batting: RHB Izzy Franco 0-0: Called Strike
0-1: Fly out, F8 (Flyball, 8LM, EV 78.1 MPH)
Runner from 3rd tags up, SCORES, throw by CF
Batting: RHB Ralph Monti 0-0: Ball
1-0: Called Strike
1-1: Ball
2-1: Foul Ball, location: 9LDF
2-2: Ground out 6-3 (Groundball, 6, EV 85.0 MPH)
Bottom of the 2nd over - 2 runs, 1 hit, 1 error, 0 left on base; Bowling Green 0 - Lake County 2
TOP OF THE 3RD
Bowling Green Hot Rods batting - Pitching for Lake County Captains : RHP Andy Washburn
Batting: RHB Pat Speaks 0-0: Called Strike
0-1: Ball
1-1: Foul Ball, location: 2F
1-2: Strikes out swinging
Batting: SHB Steve Roser 0-0: Ball
1-0: Ball
2-0: Foul Ball, location: 7LSF
2-1: Ground out 4-3 (Groundball, 4S, EV 72.5 MPH)
Batting: RHB Danny Arango 0-0: Ball
1-0: Swinging Strike
1-1: Fly out, F9 (Flyball, 9, EV 78.1 MPH)
Top of the 3rd over - 0 runs, 0 hits, 0 errors, 0 left on base; Bowling Green 0 - Lake County 2
BOTTOM OF THE 3RD
Lake County Captains batting - Pitching for Bowling Green Hot Rods : RHP Jason Howard
Batting: LHB Matt Beard 0-0: Ball
1-0: Ball
2-0: Ball
3-0: Called Strike
3-1: Base on Balls
Batting: SHB Collin Hays 0-0: Called Strike
0-1: Ball
1-1: Foul Ball, location: 25F
1-2: Ball
2-2: Foul Ball, location: 2F
2-2: Foul Ball, location: 7LMF
2-2: Foul Ball, location: 2F
2-2: 2-RUN HOME RUN (Flyball, 9LD, EV 94.4 MPH), Distance : 334 ft
Batting: LHB Max Schmidt 0-0: Ball
1-0: Ball
2-0: Foul Ball, location: 7LMF
2-1: SINGLE (Line Drive, 56, EV 105.0 MPH)
Batting: RHB Justin Stevenson 0-0: Ball
1-0: Ball
2-0: Fielders Choice at 2nd, 6-4 (Groundball, 6S, EV 85.6 MPH)
Batting: RHB Carlos Adame 0-0: Ball
1-0: Called Strike
1-1: Foul Ball, location: 5F
1-2: Foul Ball, location: 9LSF
1-2: Strikes out looking
Batting: RHB Alex Avitia 0-0: Ball
1-0: SINGLE (Groundball, 6MD, EV 96.9 MPH)
Justin Stevenson to second
Runner from 2nd tries for 3rd, SAFE, throw by CF made to third
Batting: RHB Jesus Sanchez 0-0: Ball
1-0: Called Strike
1-1: SINGLE (Groundball, 6, EV 83.8 MPH) (infield hit)
Justin Stevenson scores
Alex Avitia to second
Batting: RHB Izzy Franco 0-0: Fly out, F4 (Popup, 23, EV 81.3 MPH)
Bottom of the 3rd over - 3 runs, 4 hits, 0 errors, 2 left on base; Bowling Green 0 - Lake County 5
TOP OF THE 4TH
Bowling Green Hot Rods batting - Pitching for Lake County Captains : RHP Andy Washburn
Batting: RHB Josh Melchior 0-0: Ball
1-0: DOUBLE (Line Drive, 89D, EV 102.5 MPH)
Batting: RHB Alfredo Zapata 0-0: Swinging Strike
0-1: Ground out 4-3 (Groundball, 4, EV 109.4 MPH)
Josh Melchior to third
Batting: RHB Tris Reich 0-0: Ball
1-0: Swinging Strike
1-1: Foul Ball, location: 9LSF
1-2: Strikes out swinging
Batting: RHB Gabriel Kenny 0-0: SINGLE (Groundball, 34D, EV 94.4 MPH)
Josh Melchior scores
Batting: RHB Ryan Hildebrand 0-0: Called Strike
0-1: Called Strike
0-2: Fly out, F4 (Popup, 23, EV 88.8 MPH)
Top of the 4th over - 1 run, 2 hits, 0 errors, 1 left on base; Bowling Green 1 - Lake County 5
BOTTOM OF THE 4TH
Lake County Captains batting - Pitching for Bowling Green Hot Rods : RHP Jason Howard
Batting: RHB Ralph Monti 0-0: Ball
1-0: Ball
2-0: Swinging Strike
2-1: Ball
3-1: Swinging Strike
3-2: Base on Balls
Batting: LHB Matt Beard 0-0: Called Strike
Ralph Monti steals 2nd base
0-1: Swinging Strike
0-2: SINGLE (Line Drive, 8LS, EV 103.1 MPH)
Ralph Monti to third
Batting: SHB Collin Hays 0-0: Grounds into double play, 4-6-3 (Groundball, 4M, EV 110.6 MPH)
Ralph Monti scores
Batting: LHB Max Schmidt 0-0: Foul Ball, location: 2F
0-1: Ball
1-1: Called Strike
1-2: Ball
2-2: Strikes out swinging
Bottom of the 4th over - 1 run, 1 hit, 0 errors, 0 left on base; Bowling Green 1 - Lake County 6
TOP OF THE 5TH
Bowling Green Hot Rods batting - Pitching for Lake County Captains : RHP Andy Washburn
Batting: RHB Juan Parga 0-0: Called Strike
0-1: Called Strike
0-2: Ball
1-2: Ball
2-2: Strikes out swinging
Batting: RHB Pat Speaks 0-0: Ball
1-0: Ball
2-0: Foul Ball, location: 3F
2-1: Ball
3-1: Called Strike
3-2: Base on Balls
Batting: SHB Steve Roser 0-0: Foul Ball, location: 2F
0-1: Ball
1-1: Swinging Strike
1-2: Strikes out swinging
Batting: RHB Danny Arango 0-0: Ball
1-0: Ball
2-0: Foul Ball, location: 5F
2-1: Ball
3-1: Foul Ball, location: 9LMF
3-2: Base on Balls
Pat Speaks to second
Batting: RHB Josh Melchior 0-0: Called Strike
0-1: Foul Ball, location: 9LMF
0-2: Fly out, F8 (Flyball, 78D, EV 90.6 MPH)
Top of the 5th over - 0 runs, 0 hits, 0 errors, 2 left on base; Bowling Green 1 - Lake County 6
BOTTOM OF THE 5TH
Lake County Captains batting - Pitching for Bowling Green Hot Rods : RHP Jason Howard
Batting: RHB Justin Stevenson 0-0: Fly out, F6 (Popup, 4MS, EV 83.1 MPH)
Batting: RHB Carlos Adame 0-0: Called Strike
0-1: Foul Ball, location: 3F
0-2: Fly out, F3 (Popup, 34, EV 78.1 MPH)
Batting: RHB Alex Avitia 0-0: Ground out U3 (Groundball, 3, EV 110.6 MPH)
Bottom of the 5th over - 0 runs, 0 hits, 0 errors, 0 left on base; Bowling Green 1 - Lake County 6
TOP OF THE 6TH
Bowling Green Hot Rods batting - Pitching for Lake County Captains : RHP Andy Washburn
Batting: RHB Alfredo Zapata 0-0: Ground out 6-3 (Groundball, 6, EV 101.3 MPH)
Batting: RHB Tris Reich 0-0: Fly out, F3 (Popup, 3F, EV 63.8 MPH)
Batting: RHB Gabriel Kenny 0-0: Ball
1-0: Foul Ball, location: 5FF
1-1: Ball
2-1: Called Strike
2-2: Strikes out swinging
Top of the 6th over - 0 runs, 0 hits, 0 errors, 0 left on base; Bowling Green 1 - Lake County 6
BOTTOM OF THE 6TH
Lake County Captains batting - Pitching for Bowling Green Hot Rods : RHP Jason Howard
Pitching: RHP Dave Dugles
Batting: RHB Jesus Sanchez 0-0: Called Strike
0-1: Ball
1-1: Ball
2-1: Foul Ball, location: 7LMF
2-2: Foul Ball, location: 9LSF
2-2: Foul Ball, location: 2F
2-2: Foul Ball, location: 25F
2-2: Ball
3-2: Ground out 6-3 (Groundball, P, EV 80.6 MPH)
Batting: RHB Izzy Franco 0-0: Foul Ball, location: 2LF
0-1: Ground out 6-3 (Groundball, 6, EV 88.1 MPH)
Batting: RHB Ralph Monti 0-0: Ball
1-0: Ball
2-0: Ball
3-0: Base on Balls
Batting: LHB Matt Beard 0-0: Ball
1-0: Swinging Strike
1-1: Foul Ball, location: 23F
1-2: DOUBLE (Line Drive, 78D, EV 105.0 MPH)
Ralph Monti to third
Batting: SHB Collin Hays 0-0: Foul Ball, location: 2F
0-1: Ball
1-1: Called Strike
1-2: Foul Ball, location: 2F
1-2: Strikes out looking
Bottom of the 6th over - 0 runs, 1 hit, 0 errors, 2 left on base; Bowling Green 1 - Lake County 6
TOP OF THE 7TH
Bowling Green Hot Rods batting - Pitching for Lake County Captains : RHP Andy Washburn
Batting: RHB Ryan Hildebrand 0-0: Ball
1-0: Ball
2-0: Called Strike
2-1: Ball
3-1: Base on Balls
Batting: RHB Juan Parga 0-0: Called Strike
0-1: Foul Ball, location: 2F
0-2: Ball
1-2: Ball
2-2: Strikes out swinging
Batting: RHB Pat Speaks 0-0: Grounds into double play, 4-6-3 (Groundball, 4, EV 105.6 MPH)
Top of the 7th over - 0 runs, 0 hits, 0 errors, 0 left on base; Bowling Green 1 - Lake County 6
BOTTOM OF THE 7TH
Lake County Captains batting - Pitching for Bowling Green Hot Rods : RHP Dave Dugles
Batting: LHB Max Schmidt 0-0: Ground out U3 (Groundball, 3, EV 78.1 MPH)
Batting: RHB Justin Stevenson 0-0: Ball
1-0: Fly out, F7 (Line Drive, 7, EV 93.1 MPH)
Batting: RHB Carlos Adame 0-0: Ball
1-0: Ball
2-0: SINGLE (Line Drive, 78S, EV 107.5 MPH)
Batting: RHB Alex Avitia 0-0: Ball
1-0: Swinging Strike
1-1: Ball
2-1: Fielders Choice at 2nd, 4-6 (Groundball, 4MD, EV 104.4 MPH)
Bottom of the 7th over - 0 runs, 1 hit, 0 errors, 1 left on base; Bowling Green 1 - Lake County 6
TOP OF THE 8TH
Bowling Green Hot Rods batting - Pitching for Lake County Captains : RHP Andy Washburn
Batting: SHB Steve Roser 0-0: Ball
1-0: Ball
2-0: Ground out 5-3 (Groundball, 5L, EV 79.4 MPH)
Batting: RHB Danny Arango 0-0: Ball
1-0: Ball
2-0: Ball
3-0: Called Strike
3-1: Base on Balls
Batting: RHB Josh Melchior 0-0: Called Strike
0-1: Hit by Pitch
Danny Arango to second
Batting: RHB Alfredo Zapata 0-0: Ball
1-0: Foul Ball, location: 5DF
1-1: Foul Ball, location: 9LDF
1-2: Fly out, F8 (Flyball, 78D, EV 96.9 MPH)
Pinch Hitting: LHB Bryan Souder 0-0: Called Strike
0-1: Foul Ball, location: 2F
0-2: Foul Ball, location: 5F
0-2: Ball
1-2: Foul Ball, location: 7LDF
1-2: Strikes out swinging
Top of the 8th over - 0 runs, 0 hits, 0 errors, 2 left on base; Bowling Green 1 - Lake County 6
BOTTOM OF THE 8TH
Lake County Captains batting - Pitching for Bowling Green Hot Rods : RHP Dave Dugles
Now at 3B: Bryan Souder
Batting: RHB Jesus Sanchez 0-0: Called Strike
0-1: Ball
1-1: Called Strike
1-2: Foul Ball, location: 9LSF
1-2: Ball
2-2: Ball
3-2: Foul Ball, location: 2F
3-2: Base on Balls
Batting: RHB Izzy Franco 0-0: Foul Ball, location: 7LMF
0-1: Ball
1-1: Ball
2-1: Foul Ball, location: 2F
2-2: Strikes out swinging
Batting: RHB Ralph Monti 0-0: Called Strike
0-1: Foul Ball, location: 9LSF
0-2: Strikes out looking
Batting: LHB Matt Beard 0-0: Fly out, F7 (Flyball, 78S, EV 85.6 MPH)
Bottom of the 8th over - 0 runs, 0 hits, 0 errors, 1 left on base; Bowling Green 1 - Lake County 6
TOP OF THE 9TH
Bowling Green Hot Rods batting - Pitching for Lake County Captains : RHP Andy Washburn
Batting: RHB Gabriel Kenny 0-0: Foul Ball, location: 2F
0-1: Ball
1-1: Foul Ball, location: 9LDF
1-2: Ground out 5-3 (Groundball, 56, EV 103.8 MPH)
Batting: RHB Ryan Hildebrand 0-0: SINGLE (Line Drive, 89S, EV 89.4 MPH)
Batting: RHB Juan Parga 0-0: Ball
1-0: Ground out 5-3 (Groundball, 56S, EV 60.0 MPH)
Ryan Hildebrand to second
Pinch Hitting: SHB Andy Jones 0-0: Called Strike
0-1: Ball
1-1: SINGLE (Line Drive, 6M, EV 96.3 MPH)
Ryan Hildebrand to third
Batting: SHB Steve Roser 0-0: Ball
1-0: Ball
2-0: Foul Ball, location: 7LSF
2-1: Fly out, F7 (Flyball, 78M, EV 79.4 MPH)
Top of the 9th over - 0 runs, 2 hits, 0 errors, 2 left on base; Bowling Green 1 - Lake County 6
Thursday, May 2nd , 2024 - OOTP Baseball 24.11 Build 85